Map: Ulrena

Players

TitanWet - Winner!

  • Race: Terran Terran
  • League: Platinum

LilDicky

  • Race: Terran Terran
  • League: Diamond

VOD

http://www.twitch.tv/tumescentpie

Description

Time

  • Played on: Dec. 12, 2015, 3:42 p.m.
  • Length: 14:49
Show
View Real Time Build Order
Export as new Build Order

TitanWet Terran - Winner!

Build Orders: 1/1/1, Widow Mine Drop 

Get SALT Encoding   

  12  0:00  SCV  
  13  0:13  SCV  
  14  0:21  Supply Depot  
  14  0:26  SCV  
  15  0:42  SCV  
  16  0:50  Barracks  
  16  0:54  SCV, Refinery  
  16  0:55  Refinery  
  17  1:06  SCV  
  18  1:19  SCV  
  19  1:32  SCV  
  20  1:37  Marine  
  20  1:39  Factory  
  21  1:45  Orbital Command  
  21  1:55  Marine  
  22  2:12  SCV  
  22  2:14  Marine  
  23  2:22  Starport  
  23  2:26  Supply Depot  
  23  2:31  Supply Depot  
  23  2:47  Widow Mine  
  23  2:48  SCV  
  23  2:49  Marine  
  27  2:59  Medivac  
  27  3:00  SCV  
  27  3:03  Starport  
  30  3:07  Marine  
  31  3:16  Widow Mine  
  33  3:22  SCV  
  33  3:27  Marine  
  34  3:29  Viking  
  37  3:35  SCV  
  38  3:45  Starport Tech Lab  
  38  3:46  Supply Depot  
  38  3:47  SCV  
  39  4:06  Cloaking Field  
  39  4:07  Widow Mine  
  39  4:08  Banshee, Viking, SCV  
  47  4:11  Supply Depot  
  47  4:32  SCV  
  48  4:44  Viking  
  48  4:45  Marine  
  48  4:46  Hellion  
  48  4:47  SCV  
  52  4:53  Command Center  
  46  5:10  Marine  
  46  5:11  Hellion  
  43  5:30  Banshee  
  43  5:32  Marine  
  43  5:33  Hellion  
  43  5:35  SCV  
  50  5:39  Barracks  
  50  5:40  Barracks  
  50  5:41  Viking  
  52  5:53  Marine  
  50  6:05  Orbital Command  
  44  6:22  Marine  
  37  6:48  SCV  
  35  7:08  Orbital Command  
  34  7:13  SCV  
  34  7:14  Barracks Reactor  
  34  7:15  Barracks Reactor, Barracks Tech Lab  
  35  7:16  Factory Tech Lab  
  35  7:17  Starport Reactor  
  35  7:26  SCV  
  29  7:47  SCV x2  
  30  7:53  Combat Shields  
  30  7:54  Marine x4  
  30  7:57  Marine  
  35  7:58  Siege Tank  
  38  8:12  SCV x2  
  31  8:30  Marine x5  
  33  8:44  SCV x2  
  33  8:48  Marine x5  
  35  8:54  Barracks  
  35  9:04  SCV  
  35  9:05  SCV  
  35  9:06  Marine x5  
  42  9:21  SCV x2  
  42  9:23  Marine x2  
  42  9:24  Marine x3  
  49  9:35  SCV  
  50  9:41  Marine x4  
  50  9:42  Marine x2  
  56  9:47  Stimpack  
  56  9:59  Marine x4  
  60  10:00  SCV x2, Marauder x2  
  66  10:07  Medivac  
  68  10:15  Refinery  
  68  10:16  SCV x2, Refinery  
  70  10:26  Supply Depot  
  70  10:27  Supply Depot  
  70  10:30  Supply Depot  
  70  10:47  SCV x2, Medivac, Marine x4  
  70  10:49  Marauder  
  80  10:53  Supply Depot  
  80  10:55  Medivac  
  82  10:57  Medivac  
  82  11:00  SCV x2  
  76  11:18  Siege Tank  
  71  11:35  Marine x4  
  71  11:36  Marine x2  
  70  11:44  Viking x2  
  73  11:54  Marauder  
  67  12:07  Marine x3  
  63  12:46  Marine x5  
  63  12:47  Marauder  
  70  13:05  Marauder  
  72  13:10  Marine x3  
  72  13:11  Marauder  
  77  13:13  Medivac x2  
  71  13:40  Marine x4  
  71  13:41  Marauder  
  74  13:59  SCV x2  
Show
View Real Time Build Order
Export as new Build Order

LilDicky Terran 

Build Orders: Hellion Banshee 

Get SALT Encoding   

  12  0:01  SCV  
  13  0:13  SCV  
  14  0:18  Supply Depot  
  14  0:26  SCV  
  15  0:35  Refinery  
  15  0:39  SCV  
  16  0:45  Barracks  
  16  0:51  SCV  
  17  1:03  SCV  
  18  1:16  SCV  
  19  1:25  Refinery  
  19  1:31  Reaper  
  20  1:33  Supply Depot  
  20  1:34  Orbital Command  
  20  1:55  Factory  
  20  2:03  SCV  
  20  2:04  Reaper  
  22  2:16  Supply Depot  
  22  2:31  SCV  
  23  2:40  Starport  
  23  2:41  Factory Tech Lab  
  23  2:43  SCV  
  24  2:48  Barracks Reactor  
  24  2:55  SCV  
  25  3:07  SCV  
  24  3:19  SCV  
  25  3:23  Banshee  
  25  3:24  Supply Depot  
  25  3:26  Cloaking Field  
  28  3:35  Hellion x2  
  28  3:36  SCV  
  33  3:44  Engineering Bay  
  33  3:48  SCV  
  33  3:54  Supply Depot  
  34  3:56  Hellion  
  34  3:57  Hellion  
  37  4:17  Missile Turret  
  37  4:18  Hellion x2  
  37  4:39  Hellion x2  
  37  4:40  Banshee  
  37  4:41  Marine  
  37  4:42  SCV  
  46  4:54  SCV  
  33  5:24  Hellion x2  
  35  5:29  Command Center  
  35  5:34  Missile Turret  
  35  5:39  Missile Turret  
  35  5:45  Banshee, Marine  
  35  5:46  SCV, Hellion x2  
  44  5:58  SCV  
  45  6:10  SCV  
  46  6:15  Hellion x2  
  47  6:20  Missile Turret  
  47  6:22  SCV  
  40  6:34  SCV  
  40  6:36  Hellion  
  43  6:43  Orbital Command  
  43  6:46  SCV  
  39  7:05  Missile Turret  
  39  7:07  Banshee  
  39  7:08  Hellion x2  
  43  7:13  Missile Turret  
  43  7:17  Missile Turret  
  43  7:28  SCV, Marine  
  43  7:29  SCV, Hellion  
  47  7:30  Hellion  
  44  7:50  Banshee  
  44  7:51  Hellion x2  
  51  7:54  Refinery  
  51  7:55  Refinery  
  51  8:00  SCV  
  52  8:07  Command Center  
  52  8:12  Hellion  
  51  8:36  Banshee  
  51  8:37  Hellion  
  51  8:38  Hellion  
  55  8:47  SCV  
  52  8:53  Factory  
  52  8:59  Hellion x2  
  47  9:10  Barracks Tech Lab  
  47  9:14  Refinery x2  
  47  9:19  SCV, Banshee  
  47  9:20  Hellion x2  
  47  9:21  Starport  
  47  9:22  Orbital Command  
  55  9:26  SCV  
  57  9:31  SCV  
  57  9:35  Command Center  
  59  9:38  SCV  
  58  9:48  Missile Turret  
  58  9:49  Supply Depot  
  58  9:52  Armory x2  
  58  9:55  Hi-Sec Auto Tracking  
  58  9:59  Hellion x3  
  64  10:05  Banshee  
  64  10:07  SCV x2, Starport Reactor  
  69  10:22  SCV  
  69  10:23  SCV x2  
  69  10:27  Supply Depot, Hellion  
  69  10:28  Hellion, Siege Tank  
  79  10:34  SCV  
  79  10:35  SCV x2  
  82  10:47  SCV, Orbital Command  
  82  10:48  Banshee  
  86  10:52  Hellion x2  
  86  10:54  Refinery  
  86  10:56  Viking x2  
  93  10:59  Refinery  
  73  11:16  Hellion  
  73  11:17  Hellion x2  
  74  11:26  Viking  
  74  11:27  Viking  
  74  11:31  Banshee  
  81  11:38  Hellion x3  
  83  11:56  Viking  
  70  12:02  Viking  
  50  13:01  Factory  
  50  13:04  Factory x2  
  48  13:05  Factory  
  44  13:14  Widow Mine  
  46  13:22  Viking x2  
  44  13:44  Hellion  
  44  13:55  Hellion x4  
  50  14:16  Hellion x4  
  53  14:32  Starport Tech Lab x2  
Tags
 
Add a new tag
Caveats
  • Supply blocks, unpowered buildings, or Contaminate may cause inaccurate times.
  • Supply counts are checked every 10 seconds.